 Dungeon Crawl Stone Soup version 0.29-a0-550-g81e455f4c2 (webtiles) character file.

Game seed: 147686671212165075

9262 Lekart the Thaumaturge (level 11, -1/82 HPs)
             Began as a Black Draconian Earth Elementalist on June 5, 2022.
             Was an Initiate of Sif Muna.
             Slain by an ice devil (9 damage)
             ... on level 11 of the Dungeon.
             The game lasted 00:39:02 (15481 turns).

Lekart the Thaumaturge (DrEE)                      Turns: 15481, Time: 00:39:02

Health: -1/82      AC: 12    Str: 11      XL:     11   Next: 20%
Magic:  19/23      EV: 17    Int: 18 (19) God:    Sif Muna [......]
Gold:   495        SH:  0    Dex: 11 (12) Spells: 9/27 levels left

rFire   . . .      SeeInvis .   l - staff of conjuration
rCold   . . .      Faith    .   (no shield)
rNeg    . . .      Spirit   .   (body armour unavailable)
rPois   .          Reflect  .   (helmet restricted)
rElec   +          Harm     .   c - scarf {repulsion}
rCorr   .          Rampage  .   (no gloves)
Will    .....                   t - +0 pair of boots
Stlth   ++........              (no amulet)
HPRegen 0.23/turn               e - +4 ring of protection
MPRegen 0.18/turn               g - +4 ring of evasion

@: slowed, repel missiles, very slow
A: breathe lightning, AC +7, unfitting armour, electricity resistance,
cold-blooded
a: Breathe Lightning, Renounce Religion


You were on level 11 of the Dungeon.
You worshipped Sif Muna.
Sif Muna was noncommittal.
You visited 2 branches of the dungeon, and saw 12 of its levels.

You collected 675 gold pieces.
You spent 180 gold pieces at shops.

Inventory:

Hand Weapons
 b - the +7 Throatcutter {drain, coup de grace}
   (You found it on level 6 of the Dungeon)

   A truly terrible weapon, it drains the life of any living foe it strikes.
   It may instantly kill foes which have little health.
Missiles
 a - 191 stones
Armour
 c - a scarf of repulsion (worn)
 t - a +0 pair of boots (worn)
Magical Staves
 l - a staff of conjuration (weapon)
Jewellery
 e - a +4 ring of protection (left hand)
 f - a +6 ring of dexterity
 g - a +4 ring of evasion (right hand)
 s - a +4 ring of slaying
Wands
 v - a wand of polymorph (13)
Scrolls
 d - a scroll of identify
 h - 2 scrolls of amnesia
 k - a scroll of enchant weapon
 m - 2 scrolls of enchant armour
 q - 5 scrolls of teleportation
 A - a scroll of fog
Potions
 i - 10 potions of curing
 n - 2 potions of berserk rage
 p - 3 potions of haste
 r - 2 potions of attraction
 w - a potion of might


   Skills:
 + Level 3.5 Fighting
 + Level 2.6 Staves
 + Level 4.4 Dodging
 + Level 3.9 Stealth
 + Level 0.9 Unarmed Combat
 + Level 8.7 Spellcasting
 + Level 4.5 Conjurations
 + Level 1.2 Transmutations
 + Level 8.1 Earth Magic
 * Level 1.4 Invocations
 * Level 7.7 Evocations


You had 9 spell levels left.
You knew the following spells:

 Your Spells              Type           Power      Damage    Failure   Level
a - Sandblast             Erth           74%        2d16      1%          1
b - Passwall              Tmut/Erth      20%        N/A       1%          2
c - Stone Arrow           Conj/Erth      90%        3d12      1%          3
d - Petrify               Tmut/Erth      24%        N/A       13%         4
e - Lehudib's Crystal Sp  Conj/Erth      22%        10d6      100%        8

Your spell library contained the following spells:

 Spells                   Type           Power      Damage    Failure   Level
 Gell's Gravitas          Tloc           7%         N/A       26%         3
 Lesser Beckoning         Tloc           7%         N/A       26%         3
 Teleport Other           Tloc           7%         N/A       26%         3
 Tukima's Dance           Hex            7%         N/A       26%         3
 Passage of Golubria      Tloc           7%         N/A       65%         4
 Yara's Violent Unravell  Hex/Tmut       5%         3d4       89%         5
 Animate Armour           Summ/Erth      Unusable   N/A       N/A         4

Dungeon Overview and Level Annotations

Branches:
Dungeon (11/15)            Temple (1/1) D:5            Lair (0/6) D:9
    Orc (0/2) D:10

Altars:
Ashenzari
Cheibriados
Dithmenos
Elyvilon
Fedhas
Gozag
Hepliaklqana
Kikubaaqudgha
Makhleb
Nemelex Xobeh
Okawaru
Qazlal
Ru
Sif Muna
Trog
Uskayaw
Vehumet
Wu Jian
Xom
Yredelemnul
Zin
The Shining One
Jiyva

Shops:
D:3 :   D:5 (*[([   D:8 *   D:10 (

Portals:
Ice
Cave: D:11

Annotations:
D:3 3 runed translucent doors, emergency's ghost, amateur GrGl


Innate Abilities, Weirdness & Mutations

You can breathe wild blasts of lightning.
Your glossy black scales are hard. (AC +7)
You cannot fit into any form of body armour.
You are resistant to electric shocks. (rElec)
You are cold-blooded and may be slowed by cold attacks.


Message History

The ice devil is moderately wounded.
The ice devil closely misses you.
Casting: Sandblast (safe; 1% risk of failure)
Confirm with . or Enter, or press ? or * to list all spells.
Aiming: Sandblast (safe; 1% risk of failure)
Press: ? - help, Shift-Dir - straight line, f/p - ice devil
Aim: an ice devil (moderately wounded, 82% to hit)
The blast of sand hits the ice devil.
The ice devil is heavily wounded.
Casting: Sandblast (safe; 1% risk of failure)
Confirm with . or Enter, or press ? or * to list all spells.
Aiming: Sandblast (safe; 1% risk of failure)
Press: ? - help, Shift-Dir - straight line, f/p - ice devil
Aim: an ice devil (moderately wounded, 82% to hit)
The blast of sand hits the ice devil but does no damage.
The ice devil is moderately wounded.
The ice devil hits you but does no damage.
The ice devil hits you. The ice devil freezes you!
You feel yourself slow down.
Casting: Sandblast (safe; 1% risk of failure)
Confirm with . or Enter, or press ? or * to list all spells.
Aiming: Sandblast (safe; 1% risk of failure)
Press: ? - help, Shift-Dir - straight line, f/p - ice devil
Aim: an ice devil (moderately wounded, 82% to hit)
The blast of sand hits the ice devil but does no damage.
The ice devil is moderately wounded.
The ice devil barely misses you. The ice devil hits you.
The ice devil freezes you!!
You feel as though you will be slow longer.
Okay, then.
The ice devil closely misses you.
The ice devil hits you but does no damage.
The ice devil hits you! The ice devil freezes you!!
You feel as though you will be slow longer.
* * * LOW HITPOINT WARNING * * *
There is an open door here.
Okay, then.
Okay, then.
The ice devil attacks as you move away! The ice devil closely misses you.
The ice devil hits you!
You die...

########################***
........................,,*
..##############.###..#**,*
..# #***** #@# *,,* *,* ..#
#..,,*###4# *,,* *,* ..#
#....##.'4# *,,* *,*
..#****#∩......#.#**,,***,*
.....,*#....##.+...,,,,,,,*
#####**#...,*#######,,,,,,*
,,,*,,*##**** *,,,*,****,*
,,,*,,**********,,,*,* *,*
,,,*,,,**,,,,,,,,,,*,****,*


You could see 2 ice devils.

Vanquished Creatures
  An ugly thing (D:9)
  A water nymph (D:10)
  A kobold demonologist (D:6)
  A komodo dragon (D:10)
  A troll (D:9)
  A tyrant leech (D:9)
  2 hornets (D:9)
  Prince Ribbit (D:6)
  Grinder (D:6)
  3 yaks (D:9)
  A wyvern (D:9)
  3 vampire mosquitoes (D:10)
  A steam dragon (D:7)
  Eustachio (D:4)
  Menkaure (D:6)
  Duvessa (D:7)
  2 water moccasins
  3 ice beasts
  4 ogres
  5 orc warriors
  2 sky beasts
  A black bear (D:8)
  3 centaurs (D:9)
  A phantom (D:7)
  4 bullfrogs
  11 kobold brigands
  2 scorpions (D:5)
  12 wights
  Dowan (D:7)
  9 killer bees
  6 howler monkeys
  5 orc priests
  5 jellies
  5 hounds
  3 iguanas
  7 orc wizards
  Robin (D:3)
  9 gnolls
  6 adders
  4 shadow imps
  2 white imps
  2 ufetubi
  A worm (D:3)
  2 dart slugs (D:1)
  41 orcs
  9 ball pythons
  6 endoplasms
  9 goblins
  13 hobgoblins
  5 jackals
  26 kobolds
  3 quokkas
  11 bats
  2 frilled lizards
  5 rats
269 creatures vanquished.

Vanquished Creatures (others)
  7 fungi (D:9)
  7 plants (D:9)
14 creatures vanquished.

Grand Total: 283 creatures vanquished

Notes
Turn   | Place    | Note
-------+----------+-------------------------------------------
     0 | D:1      | Lekart the Draconian Earth Elementalist began the quest for
                  | the Orb.
     0 | D:1      | Reached XP level 1. HP: 14/14 MP: 3/3
   157 | D:1      | Reached XP level 2. HP: 18/20 MP: 0/5
   923 | D:1      | Learned a level 2 spell: Passwall
   961 | D:2      | Reached XP level 3. HP: 26/26 MP: 0/6
  1919 | D:3      | Found a faded altar of an unknown god.
  2081 | D:3      | Found Qetiax's Book Boutique.
  2135 | D:3      | Reached XP level 4. HP: 14/33 MP: 1/8
  2592 | D:2      | Learned a level 3 spell: Stone Arrow
  2873 | D:3      | Noticed emergency's ghost (amateur GrGl)
  2893 | D:3      | Reached XP level 5. HP: 39/39 MP: 3/10
  3153 | D:3      | Found a runed translucent gate.
  3153 | D:3      | Found a runed translucent gate.
  3153 | D:3      | Found a runed translucent gate.
  3164 | D:3      | Noticed Robin
  3168 | D:3      | Killed Robin
  3632 | D:3      | Learned a level 4 spell: Petrify
  3708 | D:4      | Noticed an ice beast
  3714 | D:4      | Noticed Eustachio
  3717 | D:4      | Killed an ice beast
  3718 | D:4      | Reached skill level 1 in Conjurations
  3718 | D:4      | Reached XP level 6. HP: 33/46 MP: 6/12
  4048 | D:4      | Killed Eustachio
  4049 | D:4      | Reached skill level 5 in Earth Magic
  4326 | D:4      | Found a broken altar of Ashenzari.
  4558 | D:4      | Your scales start taking on a glossy black colour.
  4558 | D:4      | Reached XP level 7. HP: 51/51 MP: 9/13
  4558 | D:4      | Gained mutation: You are resistant to electric shocks.
                  | (rElec) [Black Draconian growth]
  4716 | D:4      | Found a glowing silver altar of Zin.
  4716 | D:4      | Found a white marble altar of Elyvilon.
  4717 | D:4      | Found a glowing golden altar of the Shining One.
  4752 | D:5      | Entered Level 5 of the Dungeon
  4752 | D:5      | Found Pewos's Assorted Antiques.
  4761 | D:5      | Bought a potion of curing for 60 gold pieces
  4761 | D:5      | Bought a scroll of teleportation for 60 gold pieces
  4761 | D:5      | Bought a scroll of teleportation for 60 gold pieces
  4853 | D:5      | Found an ornate altar of the Wu Jian Council.
  4968 | D:5      | Found a hazy altar of Hepliaklqana.
  5028 | D:5      | Reached skill level 1 in Evocations
  5100 | D:5      | Found Ixtimu's Antique Weapon Boutique.
  5208 | D:5      | Reached skill level 1 in Staves
  5257 | D:5      | Reached skill level 1 in Fighting
  5521 | D:5      | Found a staircase to the Ecumenical Temple.
  5693 | D:5      | Found Veuteg's Antique Armour Boutique.
  5702 | D:5      | Found Kiheishim's Antique Weapon Emporium.
  5720 | D:5      | Found Yprelit's Antique Armour Shoppe.
  5756 | D:5      | Reached XP level 8. HP: 19/59 MP: 11/15
  6387 | D:6      | Reached skill level 5 in Spellcasting
  6448 | D:6      | Reached skill level 5 in Earth Magic
  7031 | D:6      | Found the +7 Throatcutter {drain, coup de grace}
  7031 | D:6      | Noticed a kobold demonologist
  7056 | D:6      | Noticed a smoke demon
  7068 | D:6      | Killed a kobold demonologist
  7080 | D:6      | Reached XP level 9. HP: 17/68 MP: 3/17
  7835 | D:6      | Noticed Grinder
  7899 | D:6      | Killed Grinder
  8012 | D:6      | Reached skill level 5 in Evocations
  8271 | D:6      | Noticed Menkaure
  8286 | D:6      | Killed Menkaure
  8415 | D:6      | Noticed Prince Ribbit
  8419 | D:6      | Killed Prince Ribbit
  9368 | D:7      | Reached XP level 10. HP: 50/77 MP: 2/21
  9853 | D:7      | Noticed Duvessa
  9854 | D:7      | Noticed Dowan
  9856 | D:7      | Killed Duvessa
  9865 | D:7      | Killed Dowan
 10381 | D:8      | Noticed Maggie
 10839 | D:8      | Noticed Maggie
 10839 | D:8      | Maggie changed into Maggie the naga
 10842 | D:8      | Found Purivvir's Lightly-Used Armoury.
 10975 | D:8      | Noticed Maggie
 10975 | D:8      | Maggie the naga changed into Maggie the black bear
 10982 | D:8      | Killed Maggie the black bear
 11073 | D:8      | Found a viscous altar of Jiyva.
 11753 | D:9      | Noticed a four-headed hydra
 11754 | D:9      | a four-headed hydra changed into a tyrant leech
 11877 | D:9      | HP: 3/77 [tyrant leech (24)]
 12195 | D:9      | Learned a level 8 spell: Lehudib's Crystal Spear
 12318 | D:9      | Noticed a green ugly thing
 12324 | D:9      | Killed a green ugly thing
 12660 | D:9      | You fall into a shaft and drop 1 floor!
 12660 | D:10     | Entered Level 10 of the Dungeon
 12718 | D:10     | Noticed a two-headed ogre
 12720 | D:10     | Noticed a water nymph
 12720 | D:10     | a two-headed ogre changed into a water nymph
 12729 | D:10     | Killed a water nymph
 13191 | D:9      | Paralysed by a hornet for 1 turns
 13671 | D:9      | Reached XP level 11. HP: 78/82 MP: 17/23
 13730 | D:9      | Paralysed by a hornet for 3 turns
 14126 | D:9      | Found a staircase to the Lair.
 14510 | Temple   | Entered the Ecumenical Temple
 14617 | Temple   | Became a worshipper of Sif Muna the Loreminder
 14867 | D:10     | Found a staircase to the Orcish Mines.
 14930 | D:10     | Reached skill level 1 in Invocations
 15065 | D:10     | Found Aciogi's Weapon Shop.
 15471 | D:11     | Found a frozen archway.
 15481 | D:11     | Slain by an ice devil

Illustrated notes

Levels and vault maps discovered:
D:1:      saegor_arrival_simple_e, layout_loops_ring, nrook_loot_triangle,
          minmay_statues_item, hangedman_abyss_or_decor_stabs,
          minmay_misc_feat_doors, minmay_pentomino_v4
D:2:      minmay_general_purpose_star, layout_basic
D:3:      layout_basic, chequers_ecumenical_altar_island, gammafunk_ghost_icy,
          serial_shops, shop, minmay_quantized, uniq_robin
D:4:      layout_rooms, good_gods_temple_1, mainiacjoe_overflow_boulevard,
          uniq_eustachio
D:5:      layout_gridville, mainiacjoe_overflow_cross_hatched,
          mainiacjoe_overflow_surrounded_room, minmay_temple_entry_antechambers,
          serial_shops, nicolae_stop_n_shop_1, nicolae_square_shop,
          nicolae_shop_crystal, shop_statue, shop, sigmund_army
D:6:      kb_forest_paths, layout_basic, minmay_liquid_box,
          hangedman_decor_slide_cut, dilly_guarded_unrand_throatcut,
          uniq_grinder, uniq_prince_ribbit1, uniq_menkaure
D:7:      layout_basic, uniq_duvessa
D:8:      layout_rooms, minmay_shop_damaged, jiyva_altar_1, uniq_maggie
D:9:      layout_roguey, grunt_lair_entry_orc_guard_hut,
          kennysheep_generic_room_16
D:10:     layout_roguey, orc_0_dummy, serial_shops, nicolae_inconvenience_store
D:11:     layout_stronghold, portal_ice_cave_demonic_guard
Temple:   minmay_temple_bridge_d

Skill      XL: |  1  2  3  4  5  6  7  8  9 10 11 |
---------------+----------------------------------+-----
Stealth        | 2 3 |  3.9
Earth Magic    | 4 4 5 6 7 8 |  8.1
Spellcasting   | 3 4 5 7 8 |  8.7
Dodging        | 2 3 4 |  4.4
Conjurations   | 1 2 3 4 |  4.5
Evocations     | 2 4 5 7 |  7.7
Staves         | 1 2 |  2.6
Fighting       | 1 2 3 |  3.5
Invocations    | 1 |  1.4
Unarmed Combat | |  0.9
Transmutations | |  1.2

Action                   |  1- 3 |  4- 6 |  7- 9 | 10-12 || total
-------------------------+-------+-------+-------+-------++-------
Melee: Unarmed           |    18 |    35 |       |       ||    53
       Tailslap          |     3 |    13 |    21 |    13 ||    50
       Staff             |       |    31 |   118 |    62 ||   211
       Punch             |       |     2 |     3 |     1 ||     6
 Cast: Sandblast         |    57 |    63 |    75 |    73 ||   268
       Stone Arrow       |       |    16 |    62 |    81 ||   159
       Petrify           |       |       |       |     3 ||     3
 Abil: Breathe Lightning |       |       |    11 |     6 ||    17
Evoke: Wand              |       |       |    15 |    32 ||    47
  Use: Scroll            |     4 |     3 |     6 |     8 ||    21
       Potion            |       |       |     4 |     5 ||     9
 Stab: Sleeping          |       |     1 |       |     1 ||     2
       Petrified         |       |       |       |     8 ||     8
Armor: Skin              |    18 |    24 |    69 |    47 ||   158
Dodge: Dodged            |    32 |   113 |   167 |   145 ||   457
       Repelled          |       |       |     1 |       ||     1

Table legend: (Time is in decaauts)
 A = Elapsed time spent in this place.
 B = Non-inter-level travel time spent in this place.
 C = Inter-level travel time spent in this place.
 D = Time resting spent in this place.
 E = Time spent auto-exploring this place.
 F = Levels seen in this place.
 G = Mean time per level.
                   A        B        C        D        E       F      G
               +--------+--------+--------+--------+--------+-----+--------+
         Total |  15538 |  14989 |    549 |   4476 |   7824 |  12 | 1294.8 |
       Dungeon |  15292 |  14753 |    539 |   4476 |   7623 |  11 | 1390.2 |
        Temple |    245 |    236 |      9 |      0 |    201 |   1 |  245.0 |
               +--------+--------+--------+--------+--------+-----+--------+

Top non-repeatable levels by time:
     D:6: 2265 daAuts
     D:9: 2021 daAuts
     D:7: 1970 daAuts
     D:5: 1906 daAuts
     D:3: 1871 daAuts
     D:8: 1213 daAuts
     D:2: 1129 daAuts
    D:10: 1065 daAuts
     D:1: 938 daAuts
     D:4: 833 daAuts
  Temple: 245 daAuts
    D:11: 77 daAuts
